 Dungeon Crawl Stone Soup version 0.19.1 (webtiles) character file.

48 Pytinka the Sneak (level 3, 0/14 HPs)
             Began as a Felid Air Elementalist on Dec 22, 2016.
             Succumbed to an adder's poison
             ... on level 2 of the Dungeon.
             The game lasted 00:09:50 (2112 turns).

Pytinka the Sneak (Felid Air Elementalist)          Turns: 2112, Time: 00:09:51

Health: 0/14       AC:  1    Str:  4    XL:     3   Next: 50%
Magic:  1/7        EV: 18    Int: 17    God:
Gold:   54         SH:  0    Dex: 16    Spells: 1 memorised, 5 levels left
                                        Lives:  0   Deaths: 0

rFire  . . .     SeeInvis +     (weapon unavailable)
rCold  . . .     Gourm    .     (armour unavailable)
rNeg   . . .     Faith    .     (shield unavailable)
rPois  .         Spirit   .     (helmet unavailable)
rElec  .         Reflect  .     (cloak unavailable)
rCorr  .         Harm     .     (gloves unavailable)
MR     .....                    (boots unavailable)
Stlth  +++.......               (no amulet)
                                (no ring)
                                (no ring)

@: lethally poisoned (0 -> -16), very slightly contaminated, quick
A: no armour, no weapons or thrown items, stealth, claws 1, fangs 3, see
invisible, carnivore 3, speed 1, shaggy fur 1, slow metabolism 1, sharp paws
a: no special abilities


You were on level 2 of the Dungeon.
You were very full.

You visited 1 branch of the dungeon, and saw 2 of its levels.

You collected 54 gold pieces.

Inventory:

Scrolls
 c - a scroll of magic mapping
 d - a scroll of identify
 e - a scroll of immolation {unknown}
Potions
 f - a potion of lignification {unknown}
Books
 a - a book of Air

   Spells                             Type                      Level
   a - Shock                          Conjuration/Air              1
   b - Swiftness                      Charms/Air                   2
   c - Repel Missiles                 Charms/Air                   2
   d - Static Discharge               Conjuration/Air              3
   e - Lightning Bolt                 Conjuration/Air              5
Comestibles
 b - 2 meat rations
 g - a royal jelly


   Skills:
 + Level 0.2 Fighting
 * Level 3.3 Dodging
 * Level 3.4 Stealth
 + Level 0.2 Unarmed Combat
 + Level 2.1 Spellcasting
 + Level 1.3 Conjurations
 + Level 3.1 Air Magic


You had 5 spell levels left.
You knew the following spells:

 Your Spells              Type           Power        Failure   Level  Hunger
a - Shock                 Conj/Air       #...         10%         1    #......


Dungeon Overview and Level Annotations

Branches:
Dungeon (2/15)

Altars:


Innate Abilities, Weirdness & Mutations

You cannot wear armour.
You are incapable of wielding weapons or throwing items.
Your paws allow you to move quietly. (Stealth)
You have sharp claws.
You have razor-sharp teeth.
You have supernaturally acute eyesight. (SInv)
You are carnivorous and can eat meat at any time.
You cover ground quickly.
You are covered in fur. (AC +1)
You have a slow metabolism.
Your sharp claws are effective at attacking unaware monsters.


Message History

Aim: an adder (severely wounded)
The zap hits the adder.
The adder is almost dead.
The zap hits the jackal.
The jackal is almost dead.
The zap misses the jackal.
* * * LOW HITPOINT WARNING * * *
You feel sick. The adder bites you but does no damage.
As you read the scroll labeled ZIMIAG SUVIC, it crumbles to dust.
It is a scroll of identify.
c - a scroll of magic mapping
* * * LOW HITPOINT WARNING * * *
You feel sick. The adder barely misses you. The adder misses you.
You miss the adder.
The adder is almost dead.
* * * LOW HITPOINT WARNING * * *
You feel sick. The adder closely misses you.
You scratch the adder.
You kill the adder!
You die...

.. ... ..h. ####..#
##....# #hh######
###h#.....# #.†h#.....#
#######@###†....#
................#
###...###.....>.#
#.####..#.>...#
.##.###..##.....#
........###.....#
.........########
..######........#######
#######........#


You could see 4 jackals.

Vanquished Creatures
  An adder (D:2)
  3 dart slugs
  A ball python (D:1)
  6 bats
  3 giant cockroaches (D:1)
  6 goblins (D:1)
  2 hobgoblins (D:2)
  A quokka (D:2)
  3 frilled lizards
  4 kobolds
  A rat (D:1)
31 creatures vanquished.

Notes
Turn   | Place    | Note
-------+----------+-------------------------------------------
     0 | D:1      | Pytinka the Felid Air Elementalist began the quest for the Orb.
     0 | D:1      | Reached XP level 1. HP: 7/7 MP: 4/4
   538 | D:1      | Reached XP level 2. HP: 11/11 MP: 4/6
   641 | D:1      | Reached skill level 1 in Conjurations
  1628 | D:2      | Reached XP level 3. HP: 12/14 MP: 1/7
  2112 | D:2      | Succumbed to an adder's poison

Skill      XL: |  1  2 |
---------------+-------+-----
Dodging        | 3 |  3.3
Air Magic      | 3 |  3.1
Conjurations   | 1 |  1.3
Stealth        | 3 |  3.4
Fighting       | |  0.2
Unarmed Combat | |  0.2
Spellcasting   | |  2.1

Action                   || total
-------------------------++-------
Melee: Unarmed           ||    56
       Bite              ||     8
 Cast: Shock             ||    52
  Use: Scroll            ||     1
 Stab: Sleeping          ||     3
  Eat: Chunk             ||    10
Armor: Skin              ||     5
Dodge: Dodged            ||    69
